Map: [ESL] Inside and Out

Players

Reynor

  • Race: Zerg Zerg
  • League: Master
  • Spawn Location: 7:00

Serral - Winner!

  • Race: Zerg Zerg
  • League: Master
  • Spawn Location: 1:00

VOD

Have the link to the VOD?

Description

Time

  • Played on: Oct. 19, 2022, 3:19 p.m.
  • Length: 6:34
Show
View Real Time Build Order
Export as new Build Order

Reynor Zerg 

Build Orders: Pool First 

Get SALT Encoding   

  12  0:16  Spawning Pool  
  11  0:21  Drone  
  11  0:26  Drone  
  13  0:30  Drone  
  14  0:39  Overlord  
  14  1:03  Zergling x4  
  16  1:05  Zergling x2  
  17  1:15  Zergling x2  
  17  1:17  Hatchery  
  17  1:20  Extractor  
  16  1:26  Zergling x2  
  17  1:36  Zergling x2  
  18  1:40  Queen  
  20  1:47  Drone  
  21  1:58  Overlord  
  21  2:09  Drone  
  22  2:21  Drone  
  21  2:24  Metabolic Boost  
  20  2:30  Zergling x4  
  22  2:38  Queen  
  22  2:41  Zergling x2  
  25  2:47  Zergling x2  
  27  2:51  Zergling x2  
  27  2:53  Zergling x2  
  27  2:56  Zergling x2  
  29  3:00  Zergling x2  
  29  3:03  Zergling x2  
  32  3:05  Zergling x2  
  32  3:12  Overlord  
  32  3:15  Zergling x2  
  32  3:18  Zergling x2  
  34  3:25  Zergling x2  
  35  3:31  Zergling x4  
  35  3:32  Zergling x2  
  38  3:36  Zergling x2  
  39  3:43  Zergling x4  
  41  3:50  Overlord  
  41  3:52  Zergling x2  
  42  3:56  Zergling x2  
  40  4:08  Zergling x6  
  39  4:14  Zergling x2  
  29  4:25  Zergling x6  
  29  4:28  Zergling x2  
  31  4:32  Drone  
  30  4:40  Zergling x4  
  31  4:45  Zergling x4  
  33  4:54  Zergling x4  
  33  5:04  Zergling x4  
  35  5:11  Baneling Nest  
  35  5:12  Zergling x2  
  35  5:16  Zergling x2  
  36  5:22  Zergling x2  
  36  5:25  Zergling x2  
  35  5:39  Zergling x4  
  35  5:42  Zergling x2  
  36  5:47  Zergling x2  
  36  5:54  Baneling  
  36  5:55  Baneling x2  
  37  5:57  Zergling x2  
  37  6:03  Zergling x2  
  36  6:04  Zergling x2  
  31  6:12  Zergling x2  
  31  6:15  Zergling x2  
Show
View Real Time Build Order
Export as new Build Order

Serral Zerg - Winner!

Build Orders: Hatch First 

Get SALT Encoding   

  12  0:00  Drone  
  13  0:12  Overlord  
  13  0:16  Drone  
  14  0:30  Drone x2  
  16  0:47  Hatchery  
  15  0:50  Drone  
  15  0:54  Drone  
  17  0:57  Drone  
  18  1:08  Extractor  
  17  1:12  Spawning Pool  
  17  1:16  Drone  
  17  1:20  Drone  
  18  1:27  Drone  
  19  1:59  Zergling x2, Queen  
  19  2:00  Zergling x6  
  27  2:13  Zergling x2  
  28  2:21  Metabolic Boost  
  26  2:25  Overlord  
  26  2:44  Hatchery  
  25  2:56  Zergling x2  
  25  2:57  Zergling x2  
  27  3:09  Hatchery  
  27  3:12  Zergling x2  
  27  3:16  Zergling x2  
  27  3:19  Zergling x2  
  29  3:22  Zergling x2  
  30  3:28  Overlord  
  30  3:47  Zergling x8  
  34  3:53  Zergling x2, Spine Crawler  
  37  3:57  Zergling x2  
  38  4:06  Zergling x2  
  34  4:10  Zergling x2  
  34  4:11  Zergling x6  
  34  4:15  Zergling x2  
  26  4:17  Zergling x2  
  26  4:25  Zergling x2  
  26  4:31  Zergling x2  
  27  4:37  Zergling x2  
  27  4:41  Zergling x2  
  28  4:48  Zergling x2  
  28  4:50  Zergling x2  
  30  4:58  Zergling x2  
  30  4:59  Zergling x6  
  31  5:01  Zergling x2  
  32  5:11  Zergling x4  
  34  5:21  Zergling x2  
  34  5:23  Zergling x2  
  35  5:42  Zergling x4  
  36  5:47  Zergling x2  
  37  5:53  Zergling x2  
  38  5:58  Zergling x2  
  38  6:08  Zergling x2  
  38  6:11  Zergling x2  
  34  6:15  Zergling x2  
Tags
 
Add a new tag
Caveats
  • Supply blocks, unpowered buildings, or Contaminate may cause inaccurate times.
  • Supply counts are checked every 10 seconds.